 Dungeon Crawl Stone Soup version 0.27-a0-1256-gced786f65e (webtiles) character file.

Game seed: 3410990285482181862

2 pepper333 the Skirmisher (level 1, -3/18 HPs)
             Began as a Demonspawn Abyssal Knight on June 11, 2021.
             Was an Initiate of Lugonu.
             Slain by a gnoll
             ... wielding a +0 whip
              (4 damage)
             ... on level 1 of the Dungeon.
             The game lasted 00:00:51 (223 turns).

pepper333 the Skirmisher (Demonspawn Abyssal Knight) Turns: 223, Time: 00:00:51

Health: -3/18      AC:  3    Str: 12    XL:     1   Next: 33%
Magic:  2/2        EV: 11    Int: 13    God:    Lugonu [......]
Gold:   0          SH:  0    Dex: 12    Spells: 0/0 levels left

rFire    . . .     SeeInvis .   d - staff of death
rCold    . . .     Faith    .   (no shield)
rNeg     + . .     Spirit   .   b - +0 leather armour
rPois    .         Reflect  .   (no helmet)
rElec    .         Harm     .   (no cloak)
rCorr    .         Rampage  .   (no gloves)
Will     .....                  (no boots)
Stlth    +.........             (no amulet)
HPRegen  0.06/turn              (no ring)
MPRegen  0.08/turn              (no ring)

@: no status effects
A: no striking features
a: Renounce Religion


You were on level 1 of the Dungeon.
You worshipped Lugonu.
Lugonu was noncommittal.
You visited 1 branch of the dungeon, and saw 1 of its levels.
You visited the Abyss 1 time.

Inventory:

Hand Weapons
 a - a +1 short sword
Armour
 b - a +0 leather armour (worn)
Magical Staves
 d - a staff of death (weapon)


   Skills:
 + Level 3.0 Fighting
 + Level 1.8 Short Blades
 + Level 1.7 Armour
 + Level 0.8 Dodging
 + Level 2.6 Invocations


You couldn't memorise any spells.
You didn't know any spells.
Your spell library was empty.

Dungeon Overview and Level Annotations

Branches:
Dungeon (1/15)

Altars:


Message History

The ball python grabs you. The ball python constricts you.
You barely miss the ball python. The ball python bites you.
The ball python constricts you.
You closely miss the ball python.
The ball python bites you but does no damage.
The ball python constricts you.
You hit the ball python.
You kill the ball python!
Lugonu accepts your kill.
Found a hunting sling.
A gnoll comes into view. It is wielding a +0 whip.
Found 10 gold pieces.
A hobgoblin comes into view.
The hobgoblin shouts!
Found a stone staircase leading down.
The gnoll shouts!
You hear a shout!
A goblin comes into view. It is wielding a +0 dagger.
The hobgoblin hits you.
You hit the hobgoblin.
The hobgoblin is severely wounded.
The gnoll hits you with a +0 whip. The hobgoblin hits you.
* * * LOW HITPOINT WARNING * * *
You closely miss the hobgoblin.
The hobgoblin is severely wounded.
The gnoll barely misses you.
The hobgoblin hits you but does no damage.
Okay, then.
You aren't carrying any potions.
As you read the scroll labelled GUOPTO BUGAZEU, it crumbles to dust.
It is a scroll of identify.
You don't have any unidentified items.
The gnoll misses you. The hobgoblin barely misses you.
A hobgoblin comes into view.
d - a staff of death (weapon)
The gnoll hits you with a +0 whip.
* * * LOW HITPOINT WARNING * * *
The hobgoblin closely misses you.
You barely miss the gnoll. The hobgoblin closely misses you.
The gnoll hits you with a +0 whip.
You die...

.........#......
.........#......
........>#......
................
................
.....$..).......
......g......g..
......g@g#......
.#..............
.......#..####..
...###.#..# ##
#.#..# #....#
####.#####
#........#
#.##.###.#


You could see a gnoll, 2 hobgoblins and a goblin.

Vanquished Creatures
  A goblin (D:1)
  A ball python (D:1)
  A rat (D:1)
3 creatures vanquished.

Notes
Turn   | Place    | Note
-------+----------+-------------------------------------------
     0 | Abyss:1  | pepper333 the Demonspawn Abyssal Knight began the quest for
                  | the Orb.
     0 | Abyss:1  | Reached XP level 1. HP: 18/18 MP: 2/2
     6 | Abyss:1  | Found a shimmering altar of Xom.
    79 | Abyss:1  | Noticed a thrashing horror
    80 | D:1      | Escaped the Abyss
   138 | D:1      | Found a faded altar of an unknown god.
   223 | D:1      | Slain by a gnoll

Illustrated notes

Levels and vault maps discovered:
D:1:      dpeg_arrival_arbitrary_c, layout_basic,
          shapermc_ecumenical_altar_flowoftime

Action                   || total
-------------------------++-------
Melee: Short sword       ||    11
       Staff             ||     1
Invok: Depart the Abyss  ||     1
  Use: Scroll            ||     1
Armor: Leather armour    ||     3
Dodge: Dodged            ||     8

Table legend: (Time is in decaauts)
 A = Elapsed time spent in this place.
 B = Non-inter-level travel time spent in this place.
 C = Inter-level travel time spent in this place.
 D = Time resting spent in this place.
 E = Time spent auto-exploring this place.
 F = Levels seen in this place.
 G = Mean time per level.
                   A        B        C        D        E       F      G
               +--------+--------+--------+--------+--------+-----+--------+
         Total |    224 |    224 |      0 |      0 |    176 |   2 |  112.0 |
       Dungeon |    142 |    142 |      0 |      0 |     98 |   1 |  142.0 |
         Abyss |     81 |     81 |      0 |      0 |     78 |   1 |   81.0 |
               +--------+--------+--------+--------+--------+-----+--------+

Top non-repeatable levels by time:
     D:1: 142 daAuts
 Abyss:1: 81 daAuts
